Map: Bel'Shir Vestige LE (Void)

Players

Musumeci

  • Race: Zerg Zerg
  • League: Diamond
  • Spawn Location: 5:00

ChrisL - Winner!

  • Race: Terran Terran
  • League: Diamond
  • Spawn Location: 11:00

VOD

Have the link to the VOD?

Description

Time

  • Played on: March 15, 2017, 9:06 a.m.
  • Length: 28:05
Show
View Real Time Build Order
Export as new Build Order

Musumeci Zerg 

Build Orders: Hatch First 

Get SALT Encoding   

  12  0:00  Drone  
  13  0:08  Drone  
  14  0:18  Extractor  
  14  0:19  Drone  
  15  0:40  Hatchery  
  14  0:46  Extractor  
  14  0:47  Drone  
  15  1:00  Spawning Pool  
  14  1:08  Drone, Extractor  
  14  1:11  Extractor  
  14  1:12  Drone  
  16  1:34  Overlord  
  16  1:51  Drone x3  
  16  1:52  Queen x2  
  16  1:54  Drone  
  24  2:03  Drone  
  24  2:04  Drone, Extractor  
  25  2:13  Overlord  
  25  2:15  Drone  
  27  2:24  Drone  
  27  2:28  Drone  
  28  2:30  Queen  
  28  2:33  Queen  
  32  2:38  Drone x2  
  34  2:45  Overlord  
  34  2:54  Drone  
  34  2:56  Drone  
  36  3:01  Overlord  
  36  3:05  Drone x6  
  41  3:08  Drone  
  43  3:27  Extractor  
  43  3:28  Extractor  
  43  3:29  Roach Warren  
  40  3:40  Drone x3  
  43  3:46  Drone x3  
  46  3:49  Hatchery  
  45  3:55  Drone  
  45  4:00  Evolution Chamber  
  45  4:01  Drone x5  
  45  4:02  Evolution Chamber  
  49  4:04  Overlord  
  49  4:09  Roach  
  53  4:24  Roach x4  
  59  4:34  Overlord x4  
  59  4:46  Lair  
  59  4:49  Extractor  
  58  5:06  Spore Crawler x2  
  56  5:07  Drone x8, Spore Crawler  
  56  5:08  Drone  
  56  5:11  Spore Crawler  
  56  5:12  Spore Crawler  
  62  5:19  Roach  
  62  5:20  Roach x2  
  68  5:27  Roach  
  70  5:57  Hatchery  
  70  5:58  Hatchery, Roach  
  70  5:59  Drone x2, Extractor  
  70  6:00  Drone x4  
  70  6:01  Drone x2  
  77  6:06  Drone x2  
  77  6:07  Extractor  
  78  6:11  Glial Reconstitution  
  78  6:14  Zerg Missile Weapons Level 1  
  78  6:15  Zerg Ground Armor Level 1  
  79  6:30  Roach x3  
  84  6:59  Overlord x5  
  84  7:12  Roach x3  
  90  7:35  Roach x14  
  90  7:36  Roach  
  120  8:12  Roach  
  124  8:13  Roach x4, Queen  
  124  8:14  Drone x2  
  124  8:17  Overlord x5  
  124  8:18  Extractor  
  129  8:37  Spine Crawler, Drone x4  
  129  8:38  Spine Crawler, Drone x4  
  129  8:39  Spine Crawler x2, Ravager  
  129  8:40  Ravager x14  
  148  8:57  Drone x4  
  148  8:58  Hatchery  
  151  9:02  Zerg Missile Weapons Level 2  
  151  9:06  Zerg Ground Armor Level 2  
  151  9:13  Ravager  
  151  9:14  Roach x2  
  151  9:15  Roach  
  158  9:30  Roach x6  
  170  9:46  Overlord x4  
  170  9:47  Overlord x2  
  170  10:07  Roach  
  170  10:08  Roach x14  
  200  10:32  Infestation Pit  
  199  10:39  Extractor  
  199  10:40  Zergling x2, Extractor  
  198  10:53  Overlord  
  198  11:20  Drone x2  
  184  11:44  Zergling x2  
  185  11:47  Ravager x14  
  163  12:08  Roach x14  
  159  12:16  Roach x12  
  159  12:17  Roach x3  
  158  12:25  Roach x3  
  144  12:38  Roach x5  
  118  12:57  Roach  
  118  12:58  Roach x6  
  108  13:05  Hive  
  108  13:07  Roach x10  
  108  13:09  Ravager x2  
  108  13:10  Ravager  
  133  13:12  Ravager  
  133  13:13  Ravager x2  
  133  13:14  Ravager x2  
  133  13:16  Ravager  
  133  13:17  Ravager  
  138  13:28  Roach  
  138  13:29  Roach x12  
  164  13:40  Drone  
  164  13:41  Drone x5  
  151  14:06  Roach x2  
  151  14:07  Roach x13  
  139  14:15  Roach x2  
  139  14:16  Roach  
  139  14:32  Ravager x8  
  139  14:37  Queen  
  149  14:50  Zerg Missile Weapons Level 3  
  149  15:00  Hatchery, Zerg Ground Armor Level 3  
  149  15:04  Extractor  
  149  15:05  Extractor  
  134  15:26  Roach x6  
  134  15:27  Roach x2  
  108  15:36  Roach  
  108  15:37  Roach x2  
  104  15:44  Roach x2  
  104  15:48  Ravager x5  
  104  15:49  Ravager x2  
  109  15:55  Roach  
  109  15:56  Roach  
  110  15:58  Ravager x2  
  109  16:05  Extractor  
  109  16:08  Roach x4  
  102  16:12  Ravager  
  100  16:21  Roach x4  
  106  16:30  Roach  
  106  16:31  Roach  
  106  16:46  Roach x3  
  112  16:48  Ravager x6  
  112  16:59  Roach x4  
  97  17:09  Roach x4  
  103  17:26  Roach x4  
  103  17:27  Roach  
  103  17:29  Ravager  
  110  17:31  Ravager x2  
  110  17:33  Ravager  
  113  17:43  Ravager x6  
  119  17:54  Ravager x5  
  119  17:56  Roach x2  
  120  18:15  Roach x2  
  124  18:30  Roach  
  124  18:31  Roach x6  
  139  18:34  Ravager x3  
  141  19:06  Zergling x2  
  143  19:10  Ravager x9  
  143  19:12  Roach x3  
  157  19:26  Hatchery  
  157  19:27  Extractor  
  157  19:28  Extractor  
  135  20:07  Drone x6  
  131  20:15  Roach x11  
  130  20:54  Roach x5  
  129  21:24  Roach x4  
  137  21:28  Ravager x3  
  137  21:29  Ravager x2  
  137  21:32  Hatchery  
  141  21:33  Extractor x2  
  137  22:03  Zergling x2  
  134  22:52  Lair  
  113  23:03  Roach x2  
  113  23:04  Roach x20  
  109  23:12  Roach  
  109  23:13  Roach  
  109  23:18  Roach x2  
  77  23:49  Overseer x2  
  77  23:52  Roach x6  
  86  23:58  Queen  
  48  24:55  Roach x6  
  46  25:23  Drone  
  39  26:12  Drone x2  
  37  26:40  Drone  
  33  27:22  Drone  
  33  27:23  Drone x6  
  41  27:58  Roach Warren  
Show
View Real Time Build Order
Export as new Build Order

ChrisL Terran - Winner!

Build Orders: Reaper Expand, MMM Bio 

Get SALT Encoding   

  12  0:00  SCV  
  13  0:13  SCV  
  14  0:18  Supply Depot  
  14  0:25  SCV  
  15  0:39  SCV  
  15  0:41  Barracks  
  16  0:44  Refinery  
  16  0:51  SCV  
  17  1:04  SCV  
  18  1:16  SCV  
  19  1:28  Orbital Command  
  19  1:29  Reaper  
  20  1:43  Command Center  
  20  1:56  SCV  
  21  2:01  Barracks  
  21  2:03  Barracks Reactor  
  21  2:09  SCV  
  21  2:15  Supply Depot  
  22  2:21  SCV  
  23  2:32  Refinery  
  23  2:33  Factory  
  23  2:37  SCV  
  24  2:40  Marine x2  
  26  2:49  Barracks Tech Lab  
  26  2:50  SCV  
  27  2:59  Marine  
  27  3:00  Marine  
  27  3:01  Orbital Command  
  29  3:08  Stimpack, Marine  
  30  3:16  SCV  
  31  3:23  Marine  
  31  3:24  Marine  
  32  3:28  Starport  
  32  3:30  Marine  
  32  3:32  SCV  
  34  3:35  Factory Reactor  
  34  3:38  SCV  
  35  3:41  Marine  
  35  3:42  Marine  
  35  3:44  SCV  
  38  3:50  Marine  
  38  3:51  Supply Depot  
  39  3:59  SCV x2  
  39  4:00  Marine x2  
  43  4:11  SCV  
  43  4:13  Supply Depot  
  43  4:15  Marine  
  43  4:16  Medivac  
  43  4:17  Medivac  
  49  4:19  Marine x2  
  49  4:20  SCV  
  52  4:34  Marine  
  52  4:35  SCV x2  
  55  4:41  Supply Depot  
  55  4:44  Marine, Engineering Bay  
  55  4:45  Marine  
  57  4:46  Engineering Bay  
  57  4:47  SCV  
  58  4:57  Marine  
  58  4:58  SCV  
  58  4:59  SCV  
  60  5:03  Marine, Supply Depot  
  61  5:08  Marine  
  61  5:09  Combat Shields  
  62  5:14  SCV  
  62  5:15  SCV  
  64  5:21  Command Center  
  64  5:30  SCV x2  
  62  5:41  Marauder, Factory Tech Lab, Marine x2  
  66  5:44  Barracks  
  66  5:45  Barracks  
  66  5:46  SCV  
  66  5:48  Barracks, Supply Depot  
  66  5:49  Terran Infantry Armor Level 1, Terran Infantry Weapons Level 1  
  67  5:51  Refinery, SCV  
  67  5:52  Refinery  
  68  6:00  Marine x2  
  68  6:02  Siege Tank  
  68  6:03  Marine  
  74  6:05  Medivac  
  74  6:07  Supply Depot  
  74  6:08  SCV  
  77  6:13  Supply Depot  
  77  6:14  SCV  
  78  6:20  SCV  
  79  6:26  SCV  
  79  6:30  Concussive Shells  
  79  6:31  Marine x2  
  79  6:32  Marauder  
  84  6:33  Orbital Command  
  84  6:34  Medivac  
  84  6:37  Supply Depot  
  86  6:47  Barracks Reactor, Barracks Tech Lab  
  86  6:52  Barracks Reactor  
  86  6:55  Marine  
  86  6:56  Marauder  
  86  6:57  Siege Tank  
  92  7:06  Medivac  
  92  7:07  Medivac  
  95  7:27  Marauder x2, Marine x4  
  103  7:44  Marine x3  
  103  7:45  Marine, Siege Tank  
  103  7:46  Orbital Command  
  103  7:48  Marauder  
  103  7:49  Armory  
  105  8:04  Supply Depot  
  105  8:05  Supply Depot  
  105  8:06  Supply Depot  
  100  8:14  Marauder x2, Marine x6  
  100  8:16  Medivac x2  
  112  8:25  Factory  
  112  8:27  Siege Tank  
  112  8:28  SCV x2  
  112  8:29  SCV  
  112  8:31  Refinery x2  
  112  8:32  Marine x6  
  124  8:35  Marauder  
  124  8:40  SCV  
  127  8:42  Supply Depot  
  127  8:43  SCV  
  127  8:44  Marauder  
  127  8:47  Terran Infantry Weapons Level 2, SCV  
  131  8:52  SCV  
  131  8:55  SCV, Barracks x2  
  133  8:59  SCV, Marine x6  
  133  9:00  Marine  
  141  9:03  Terran Infantry Armor Level 2  
  141  9:04  SCV  
  141  9:07  Terran Vehicle Weapons Level 1  
  142  9:10  Factory Tech Lab  
  142  9:13  SCV x2  
  144  9:27  Marauder, Marine x3  
  144  9:28  Marauder, Marine x3  
  144  9:29  Siege Tank  
  157  9:59  Supply Depot  
  157  10:00  Marine x4, Barracks Tech Lab  
  157  10:01  Barracks Reactor, Marauder x2  
  157  10:02  Supply Depot  
  157  10:04  Supply Depot  
  157  10:05  Barracks  
  165  10:20  Medivac, Supply Depot x2, Siege Tank x2  
  173  10:23  Marine x5  
  178  10:37  Marauder x2, Marine  
  178  10:40  Marauder, Marine  
  178  10:41  Marine  
  187  10:44  Sensor Tower  
  187  10:46  Command Center  
  177  11:11  Marauder x3, Marine x3  
  173  11:12  Marine x3, Siege Tank  
  173  11:13  Siege Tank  
  173  11:14  Medivac  
  173  11:15  Medivac  
  182  11:44  Marauder x2, Marine x3  
  182  11:45  Marauder, Marine x3  
  137  12:24  Marine  
  137  12:25  Marauder x2, Siege Tank  
  137  12:26  Medivac x2, Siege Tank  
  130  12:33  Marauder, Marine  
  130  12:34  Marine x3  
  134  12:46  Marauder x2  
  134  12:51  Marine x3  
  121  12:55  Marauder  
  121  12:56  Medivac  
  105  12:59  Marine x6  
  105  13:00  Siege Tank x2  
  105  13:04  Medivac  
  113  13:07  Marauder  
  113  13:08  Marauder  
  113  13:09  Marine x3  
  120  13:16  Marauder, Marine  
  120  13:17  Terran Vehicle Weapons Level 2, Marine x2  
  120  13:19  Terran Infantry Weapons Level 3  
  113  13:20  Orbital Command  
  125  13:29  Marauder  
  127  13:35  Medivac x2  
  127  13:36  Siege Tank  
  127  13:39  Barracks Tech Lab  
  134  13:46  SCV x3  
  137  13:58  SCV  
  93  14:10  Marauder, Marine x3  
  93  14:14  Marauder, Marine x3  
  93  14:15  Marine  
  94  14:17  Orbital Command  
  94  14:20  Marine  
  94  14:21  Marauder, Marine  
  90  14:28  Planetary Fortress  
  90  14:31  Marine  
  90  14:32  Marauder, Siege Tank x2  
  90  14:36  Marauder  
  90  14:37  Marine x3  
  104  14:39  Marauder  
  104  14:40  SCV x2  
  104  14:42  Marine x2  
  104  14:43  Marine x2  
  112  14:52  SCV, Missile Turret  
  113  15:03  Marauder x3, Marine x5  
  113  15:04  Marine  
  125  15:07  Siege Tank  
  104  15:34  Marauder x2, Marine x4  
  104  15:35  Marauder, Marine x2  
  100  15:46  Siege Tank  
  100  15:47  Siege Tank  
  106  15:54  Medivac x2  
  106  15:57  SCV x4  
  112  15:58  Marine  
  112  15:59  Marauder, Marine x4  
  113  16:21  Marauder, Marine  
  113  16:24  Marauder x2, Marine x4  
  122  16:27  Medivac  
  122  16:28  Medivac  
  122  16:32  Siege Tank x2  
  118  17:09  Marauder, Marine x6  
  118  17:10  Marine, Siege Tank x2  
  118  17:11  Medivac x2  
  129  17:21  Marauder, Marine x3  
  132  17:23  SCV x4  
  132  17:27  Marine  
  137  17:47  Refinery  
  137  17:48  Refinery  
  137  17:49  Starport  
  152  17:58  Liberator x2  
  131  18:13  Marauder x4, Marine x3  
  131  18:14  Marine x2, Siege Tank  
  131  18:15  Siege Tank  
  156  18:20  SCV x2  
  158  18:32  Marine x5  
  163  18:34  Marauder  
  165  18:46  Marine  
  165  18:47  Marauder, Marine x2  
  146  19:32  Marauder x4, Marine x4  
  146  19:33  Siege Tank x2  
  164  19:55  Medivac x2  
  168  20:05  Siege Tank  
  171  20:10  Marine x3  
  171  20:11  Marine x7  
  171  20:13  Command Center  
  176  20:21  Starport Tech Lab  
  157  21:25  Marine  
  157  21:26  Marine x6  
  157  21:27  Marine x3  
  167  21:34  Banshee  
  167  21:36  Cloaking Field  
  166  22:04  Marine x3  
  166  22:05  Marine x2  
  171  22:17  Banshee  
  167  22:44  Marauder, Marine x4  
  146  23:00  Banshee  
  87  23:26  Marine x4  
  72  23:40  Marine x3  
  72  23:41  Marine x4  
  76  23:42  Banshee  
  81  23:52  Marauder, Marine x4  
  81  23:53  Siege Tank  
  81  23:54  Medivac x2, Siege Tank  
  97  23:58  Marine x2  
  82  24:19  SCV  
  82  24:20  SCV  
  82  24:22  Marauder x2, Marine  
  82  24:23  Marauder x2, Marine x2  
  87  24:24  Medivac x2  
  87  24:31  SCV  
  87  24:37  Siege Tank x2  
  79  24:51  Marauder, Marine x3  
  79  24:52  Marine x2  
  80  25:03  Marauder, Marine x3  
  80  25:04  Marine x2  
  83  25:09  Marine x2  
  81  25:30  Marauder, Marine x4  
  84  26:29  Marauder, Marine x2  
  88  26:58  Unknown x3  
  88  27:02  Planetary Fortress  
  85  27:22  Raven  
  87  27:28  Unknown x5  
  87  27:41  Marauder x2, Refinery x2, Marine x2  
  93  27:46  Barracks Tech Lab x2  
Tags
 
Add a new tag
Caveats
  • Supply blocks, unpowered buildings, or Contaminate may cause inaccurate times.
  • Supply counts are checked every 10 seconds.